AoeStats
← 17_Neo_

Black Forest

504817791Analyzed
1v1 RM · 26d ago on Sep 6, 2026· 52m 27s· 2 players
Game mode
Random Map
Map size
Tiny (2 player)
Population
200
Speed
Normal
Resources
Standard
Victory
Conquest
Starting age
Dark Age
Ending age
Imperial Age
RankedLock teamsTeams togetherTeam positionsShared explorationLock speedFull tech treeHidden civsTurbo modeCheats
Victory
Defeat
🇨🇴 Turks · Colombia
1711
+12
🇫🇷 Vietnamese · France
1621
-12
Arthemis
0:54 Loom
11:37 Feudal Age
12:22 Double-Bit Axe
12:19 Horse Collar
15:12 Castle Age
14:46 Wheelbarrow
16:29 Bow Saw
16:21 Heavy Plow
22:51 Hand Cart
22:21 Town Watch
22:54 Gold Mining
22:58 Stone Mining
24:55 Stone Shaft Mining
28:40 Imperial Age
26:31 Fletching
27:05 Ballistics
27:24 Town Patrol
28:09 Bodkin Arrow
28:16 Padded Archer Armor
28:01 Treadmill Crane
29:10 Thumb Ring
29:56 Crop Rotation
30:29 Two-Man Saw
29:31 Bracer
30:33 Chemistry
30:18 Leather Archer Armor
33:50 Ring Archer Armor
33:27 Scale Barding Armor
33:44 Chatras
34:07 Paper Money
33:11 Elite Rattan Archer
34:04 Siege Engineers
33:26 Elite Battle Elephant
34:17 Bloodlines
34:13 Husbandry
34:57 Forging
36:44 Chain Barding Armor
37:00 Iron Casting
37:49 Guilds
38:30 Plate Barding Armor
45:36 Scale Mail Armor
46:32 Light Cavalry
47:32 Chain Mail Armor
46:43 Elite Skirmisher
48:17 Imperial Skirmisher
50:57 Plate Mail Armor
17_Neo_
5:12 Loom
11:30 Feudal Age
15:22 Castle Age
13:44 Double-Bit Axe
13:40 Horse Collar
14:39 Wheelbarrow
16:46 Bow Saw
29:06 Imperial Age
26:53 Heavy Plow
26:44 Gold Mining
26:45 Stone Mining
27:27 Hand Cart
27:37 Stone Mining
28:04 Padded Archer Armor
28:36 Town Watch
30:28 Conscription
30:21 Artillery
30:39 Leather Archer Armor
31:43 Bloodlines
31:33 Husbandry
32:12 Scale Barding Armor
32:18 Forging
33:20 Chain Barding Armor
34:32 Iron Casting
34:22 Town Patrol
35:22 Ring Archer Armor
36:47 Plate Barding Armor
36:43 Heavy Camel Rider
39:47 Blast Furnace
39:19 Ballistics
46:03 Elite Janissary
47:18 Arrowslits
Connection lost

Rejoining the realm…

Still unreachable

The connection could not be restored.

Session expired

The server has moved on; the page needs a fresh start.